 Dungeon Sprint DCSS version 0.21.1-1-g345015f (webtiles) character file.

1392 Fang the Fighter (level 8, 0/60 HPs)
             Began as a Gargoyle Berserker on July 10, 2018.
             Was a High Priest of Trog.
             Slain by a tarantella (9 damage)
             ... in the Dungeon (Sprint VII: "The Pits").
             The game lasted 00:01:53 (1284 turns).

Fang the Fighter (Gargoyle Berserker)               Turns: 1284, Time: 00:01:54

Health: 0/60       AC:  8    Str: 23    XL:     8   Next: 68%
Magic:  8/8        EV: 15    Int:  8    God:    Trog [*****.]
Gold:   0          SH:  0    Dex:  9    Spells: 7/7 levels left

rFire    . . .     SeeInvis .   j - +2 hand axe (chop)
rCold    . . .     Gourm    .   (no shield)
rNeg     + . .     Faith    .   b - +0 animal skin
rPois    ∞         Spirit   .   (no helmet)
rElec    +         Reflect  .   (no cloak)
rCorr    .         Harm     .   (no gloves)
MR       .....     NoTele   +   (no boots)
Stlth    +.........             (no amulet)
HPRegen  0.20/turn              (no ring)
MPRegen  0.11/turn              (no ring)

@: confused
A: negative energy resistance 1, electricity resistance, unbreathing,
petrification resistance, rot immunity, AC +5
a: Berserk, Trog's Hand, Brothers in Arms, Burn Spellbooks, Renounce Religion


You were in the Dungeon.
You worshipped Trog.
Trog was extremely pleased with you.
You were near starving.

You visited 1 branch

Inventory:

Hand Weapons
 j - a +2 hand axe of chopping (weapon)
 m - a +1 hand axe of freezing
Armour
 b - a +0 animal skin (worn)
Scrolls
 i - a scroll of blinking
 k - 3 scrolls of remove curse
 l - a scroll of summoning
Potions
 a - 2 potions of invisibility
 d - 6 potions of curing
 e - 6 potions of heal wounds
 f - a potion of haste
 g - 4 potions of magic
 h - 3 potions of berserk rage
Comestibles
 c - 9 rations


   Skills:
 + Level 12.0 Fighting
 + Level 11.5 Axes
 + Level 5.7 Armour
 + Level 6.9 Dodging


You had 7 spell levels left.
You didn't know any spells.

Dungeon Overview and Level Annotations

Branches:
Dungeon (1/1)

Altars:
Cheibriados
Dithmenos
Elyvilon
Fedhas
Gozag
Hepliaklqana
Makhleb
Nemelex Xobeh
Okawaru
Qazlal
Ru
Sif Muna
Trog
Vehumet
Wu Jian
Xom
Yredelemnul
Zin
The Shining One
Beogh
Jiyva
Lugonu


Innate Abilities, Weirdness & Mutations

You are resistant to torment.
Your stone body is resilient. (AC +5)
You are immune to poison.
You resist negative energy. (rN+)
You are resistant to electric shocks. (rElec)
You can survive without breathing.
You are immune to petrification.
You are immune to rotting.


Message History

You bump into the metal wall.
The tarantella bites you but does no damage.
You're too confused to move!
The tarantella closely misses you. The tarantella misses you.
You bump into the metal wall.
You feel less confused. The tarantella bites you!
* * * LOW HITPOINT WARNING * * *
You closely miss the tarantella.
The tarantella is heavily wounded.
The tarantella bites you.
* * * LOW HITPOINT WARNING * * *
You are confused.
You bump into the metal wall.
The tarantella bites you but does no damage.
The tarantella bites you!
* * * LOW HITPOINT WARNING * * *
You bump into the metal wall.
The tarantella closely misses you.
You bump into the metal wall.
The tarantella bites you!
You die...

#.#........##.......#
#)###########.......#
#.))....# #########
#.###)).# #.#.[[..#
#.#...#.#+#
#.....#.#.+
#...###.#s#
#.......'@#
###########


You could see a tarantella.

Vanquished Creatures
  Pikel (D)
  A hungry ghost (D)
  Menkaure (D)
  A floating eye (D)
  An ice beast (D)
  3 slaves (D)
  A wolf (D)
  9 wights (D)
  An iguana (D)
  2 adders (D)
  A river rat (D)
  An ooze (D)
  A leopard gecko (D)
  A kobold (D)
  A quokka (D)
26 creatures vanquished.

Notes
Turn   | Place    | Note
-------+----------+-------------------------------------------
     0 | D        | Fang the Gargoyle Berserker began the quest for the Orb.
     0 | D        | Reached XP level 1. HP: 14/14 MP: 1/1
   102 | D        | Found a bloodstained altar of Trog.
   102 | D        | Found a deep blue altar of Sif Muna.
   102 | D        | Found a viscous altar of Jiyva.
   102 | D        | Found a hazy altar of Hepliaklqana.
   102 | D        | Found an opulent altar of Gozag.
   103 | D        | Found a glowing golden altar of the Shining One.
   103 | D        | Found a glowing silver altar of Zin.
   103 | D        | Found a basalt altar of Yredelemnul.
   103 | D        | Found a shimmering altar of Xom.
   103 | D        | Found an ornate altar of the Wu Jian Council.
   103 | D        | Found a sacrificial altar of Ru.
   103 | D        | Found a stormy altar of Qazlal.
   103 | D        | Found an iron altar of Okawaru.
   103 | D        | Found a sparkling altar of Nemelex Xobeh.
   103 | D        | Found a burning altar of Makhleb.
   103 | D        | Found a blossoming altar of Fedhas.
   103 | D        | Found a white marble altar of Elyvilon.
   103 | D        | Found a shadowy altar of Dithmenos.
   103 | D        | Found a snail-covered altar of Cheibriados.
   105 | D        | Found a radiant altar of Vehumet.
   105 | D        | Found a corrupted altar of Lugonu.
   105 | D        | Found a roughly hewn altar of Beogh.
   161 | D        | Reached ** piety under Trog
   161 | D        | Reached skill level 4 in Fighting
   161 | D        | Reached XP level 2. HP: 7/20 MP: 2/2
   400 | D        | Reached skill level 5 in Fighting
   400 | D        | Reached XP level 3. HP: 16/26 MP: 3/3
   522 | D        | Noticed a floating eye
   525 | D        | Paralysed by a floating eye for 2 turns
   530 | D        | Reached skill level 6 in Fighting
   530 | D        | Reached skill level 5 in Axes
   530 | D        | Reached XP level 4. HP: 32/32 MP: 4/4
   531 | D        | Reached *** piety under Trog
   531 | D        | Paralysed by a floating eye for 2 turns
   534 | D        | Killed a floating eye
   534 | D        | Reached skill level 7 in Fighting
   534 | D        | Reached XP level 5. HP: 32/39 MP: 5/5
   537 | D        | Reached skill level 8 in Fighting
   543 | D        | Reached **** piety under Trog
   543 | D        | Reached XP level 6. HP: 11/45 MP: 6/6
   544 | D        | Reached skill level 9 in Fighting
   818 | D        | Noticed Menkaure
   826 | D        | Reached skill level 5 in Armour
   826 | D        | Reached skill level 5 in Dodging
   827 | D        | Killed Menkaure
   827 | D        | Reached ***** piety under Trog
   827 | D        | Reached skill level 10 in Fighting
   827 | D        | Reached XP level 7. HP: 52/52 MP: 7/7
   846 | D        | Received a gift from Trog
   969 | D        | Noticed Pikel
   973 | D        | Noticed a hungry ghost
   982 | D        | Reached skill level 10 in Axes
   984 | D        | Killed a hungry ghost
   984 | D        | Reached skill level 11 in Fighting
   984 | D        | Reached XP level 8. HP: 60/60 MP: 8/8
   994 | D        | Killed Pikel
  1264 | D        | Reached skill level 12 in Fighting
  1267 | D        | Noticed a tarantella
  1284 | D        | Slain by a tarantella

Skill      XL: |  1  2  3  4  5  6  7  8 |
---------------+-------------------------+-----
Axes           | 3 4 5 6 7 9 10 11 | 11.5
Fighting       | 4 5 6 7 8 10 11 12 | 12.0
Dodging        | 2 3 4 5 6 |  6.9
Armour         | 3 4 5 |  5.7

Action                   |  1- 3 |  4- 6 |  7- 9 || total
-------------------------+-------+-------+-------++-------
Melee: Hand axe          |    29 |    17 |    47 ||    93
Invok: Berserk           |     2 |     1 |     1 ||     4
  Eat: Chunk             |       |     1 |     2 ||     3
Armor: Animal skin       |     9 |     4 |    15 ||    28
Dodge: Dodged            |    19 |    11 |    32 ||    62
